AoeStats
← Dorotheos Monomachos

Arabia

507974000Analyzed
1v1 RM · 13d ago on Sep 20, 2026· 42m 28s· 2 players
Game mode
Random Map
Map size
Tiny (2 player)
Population
200
Speed
Normal
Resources
Standard
Victory
Conquest
Starting age
Dark Age
Ending age
Imperial Age
RankedLock teamsTeams togetherTeam positionsShared explorationLock speedFull tech treeHidden civsTurbo modeCheats
Victory
Defeat
🇵🇹 Shu · Portugal
1095
+17
🇬🇷 Magyars · Greece
1126
-17
nexus-
7:07 Loom
10:07 Feudal Age
10:49 Double-Bit Axe
12:49 Horse Collar
13:46 Gold Mining
21:00 Castle Age
19:20 Fletching
20:40 Padded Archer Armor
21:30 Scale Mail Armor
22:35 Bow Saw
22:04 Crossbowman
22:55 Thumb Ring
23:00 Squires
22:46 Gambesons
23:12 Stone Mining
25:27 Gold Shaft Mining
27:49 Bodkin Arrow
28:51 Ballistics
29:50 Wheelbarrow
29:32 Heavy Plow
29:22 Pikeman
31:12 Leather Archer Armor
31:29 Town Watch
41:16 Chain Mail Armor
41:13 Forging
44:28 Imperial Age
Dorotheos Monomachos
7:33 Loom
10:14 Feudal Age
10:17 Man-at-Arms
10:44 Double-Bit Axe
14:49 Horse Collar
16:55 Wheelbarrow
18:06 Fletching
21:49 Castle Age
21:19 Scale Barding Armor
22:08 Bloodlines
23:19 Chain Barding Armor
22:56 Gold Mining
29:14 Bow Saw
30:02 Husbandry
31:15 Hand Cart
31:08 Stone Mining
40:45 Imperial Age
Connection lost

Rejoining the realm…

Still unreachable

The connection could not be restored.

Session expired

The server has moved on; the page needs a fresh start.